 Dungeon Sprint DCSS version 0.29-a0-221-gceb61267dd (webtiles) character file.

Game seed: 7312638183790528229

7095 mhtbhm the Impaler (level 10, 0/108 HPs)
             Began as a Minotaur Berserker on Feb 26, 2022.
             Was the Champion of Trog.
             Killed from afar by a fire giant (6 damage)
             ... with a fireball
             ... in the Dungeon (Sprint V: "Ziggurat Sprint").
             The game lasted 00:03:43 (732 turns).

mhtbhm the Impaler (Minotaur Berserker)              Turns: 732, Time: 00:03:43

Health: 0/108      AC: 26    Str: 38    XL:     10   Next: 84%
Magic:  9/9        EV:  3    Int:  4    God:    Trog [******]
Gold:   0          SH: 36    Dex: 10    Spells: 9/9 levels left

rFire   + + .      SeeInvis .   a - +8 lance "Wyrmbane" {slay drac, rPois rF+ rC+ AC+3}
rCold   + + .      Faith    .   c - +18 shield of the Gong {rElec rN+ Will+ EV-5}
rNeg    + . .      Spirit   .   b - +5 gold dragon scales
rPois   +          Reflect  +   (helmet restricted)
rElec   +          Harm     .   (no cloak)
rCorr   +          Rampage  .   (no gloves)
Will    +....      NoTele   +   (no boots)
Stlth   ..........              D - amulet of reflection
HPRegen 0.28/turn               u - +6 ring of strength
MPRegen 0.11/turn               t - ring of Qiuvacugi {rCorr Str+6}

@: weakened, on berserk cooldown, slowed, studying Dodging, very slow
A: horns 2, retaliatory headbutt
a: Renounce Religion, Berserk, Trog's Hand, Brothers in Arms


You were in the Dungeon.
You worshipped Trog.
Trog was exalted by your worship.
You visited 1 branch

Inventory:

Hand Weapons
 a - the +8 lance "Wyrmbane" (weapon) {slay drac, rPois rF+ rC+ AC+3}
   (You found it in the Dungeon)

   It inflicts extra damage against dragons and draconians.
   AC:        It affects your AC (+3).
   rF:        It protects you from fire.
   rC:        It protects you from cold.
   rPois:     It protects you from poison.
Missiles
 z - a throwing net (quivered)
Armour
 b - +5 gold dragon scales (worn)
 c - the +18 shield of the Gong (worn) {rElec rN+ Will+ EV-5}
   (You found it in the Dungeon)

   It is deafeningly noisy when blocking attacks.
   EV:        It affects your evasion (-5).
   rElec:     It insulates you from electricity.
   rN:        It protects you from negative energy.
   Will:      It increases your willpower.
Jewellery
 t - the ring of Qiuvacugi (right hand) {rCorr Str+6}
   (You found it in the Dungeon)

   [ring of strength]

   Str:       It affects your strength (+6).
   rCorr:     It protects you from acid and corrosion.
 u - a +6 ring of strength (left hand)
 D - an amulet of reflection (around neck)
 F - the amulet of Lies {RegenMP Contam Int+5}
   (You found it in the Dungeon)

   [amulet of magic regeneration]

   It increases your rate of magic regeneration.
   Int:       It affects your intelligence (+5).
   Contam:    It causes magical contamination when unequipped.
 G - a ring of protection from cold
Wands
 m - a wand of mindburst (7)
 n - a wand of iceblast (7)
 o - a wand of acid (7)
Scrolls
 h - 4 scrolls of blinking
 p - 7 scrolls of fog
 q - a scroll of holy word
 r - 5 scrolls of identify
 B - 3 scrolls of brand weapon
 C - 4 scrolls of enchant armour
Potions
 d - 9 potions of heal wounds
 e - 6 potions of haste
 f - 7 potions of magic
 g - 3 potions of berserk rage
 i - 2 potions of invisibility
 j - 4 potions of resistance
 k - a potion of experience
 l - 5 potions of might
 x - 10 potions of curing
Miscellaneous
 v - a phantom mirror
 w - a lightning rod (4/4)
 y - a condenser vane
 A - a tin of tremorstones (2/2)
 E - a box of beasts


   Skills:
 + Level 16.4 Fighting
 + Level 17.4 Polearms
 + Level 11.5 Armour
 + Level 5.8 Dodging
 + Level 1.0 Stealth
 + Level 15.9 Shields
 + Level 2.5 Evocations


You had 9 spell levels left.
You didn't know any spells.
Your spell library was empty.

Dungeon Overview and Level Annotations

Branches:
Dungeon (1/1)

Altars:
Ashenzari
Cheibriados
Dithmenos
Elyvilon
Fedhas
Gozag
Hepliaklqana
Kikubaaqudgha
Makhleb
Nemelex Xobeh
Okawaru
Qazlal
Ru
Sif Muna
Trog
Uskayaw
Vehumet
Wu Jian
Xom
Yredelemnul
Zin
The Shining One
Beogh
Jiyva
Lugonu

Annotations:
D 1 transporter


Innate Abilities, Weirdness & Mutations

You have a pair of horns on your head.
You reflexively headbutt those who attack you in melee.


Message History

Unknown command.
The hell hog is engulfed in noxious fumes.
The hell hog bites the fire giant!
You block the hell hog's attack.
GONNNNG!
The fire giant is engulfed in noxious fumes. x2
You feel a strong urge to attack something.
The hell hog is engulfed in noxious fumes.
The hell hog appears confused.
You are no longer berserk.
You are exhausted.
You feel yourself slow down. The fire giant casts a spell at you.
The fireball explodes!
The fireball engulfs you. You resist.
* * * LOW HITPOINT WARNING * * *
Unknown command.
You feel much better.
The hell hog is engulfed in noxious fumes.
The hell hog appears confused.
The fire giant gestures at you while chanting.
The fireball explodes!
The fireball engulfs you! You resist.
* * * LOW HITPOINT WARNING * * *
The fire giant is engulfed in noxious fumes.
The hell hog is engulfed in noxious fumes.
The fire giant gestures at you while chanting.
The fireball explodes!
The fireball engulfs you! You resist.
* * * LOW HITPOINT WARNING * * *
The fire giant gestures at you while chanting.
The bolt of fire hits you! You resist.
* * * LOW HITPOINT WARNING * * *
The fire giant is engulfed in noxious fumes.
Okay, then.
As you read the scroll of fear, it crumbles to dust.
You assume a fearsome visage.
The hell hog looks frightened!
The fire giant easily resists.
The hell hog looks frightened! x2
The fire giant resists with almost no effort.
The hell hog is engulfed in noxious fumes.
The hell hog appears confused.
The fire giant points at you and mumbles some strange words.
The fireball explodes!
The fireball engulfs you. You resist.
You die...

▓..)|.:)..▓..=)))).
▓.§}°°h○h.▓..)[))[.
▓.§○○..§..▓.).)....
▓..°.☼.§..▓.....)..
▓.....°...▓........
▓....C†...▓...)))..
▓.h..C....▓.▓..)..▓
▓....)....▓....©...
▓.@..©....▓▓▓▓▓▓▓▓▓
▓▓▓▓▓▓▓▓▓▓▓


You could see 2 fire giants and 3 hell hogs.

Vanquished Creatures
  2 balrugs (D)
  A salamander tyrant (D)
  A cyclops (D)
  A wolf spider (D)
  2 rime drakes (D)
  A tormentor (D)
  4 merfolk (D)
  3 jumping spiders (D)
  A yak (D)
  2 hell hounds (D)
  3 orc warriors (D)
  3 ice beasts (D)
  2 black bears (D)
  A centaur (D)
  3 phantoms (D)
  6 scorpions (D)
  A quasit (D)
  7 orc priests (D)
  2 orc wizards (D)
  4 river rats (D)
  A white imp (D)
  2 ufetubi (D)
  2 adder skeletons (D)
  A bat skeleton (D)
  A ball python simulacrum (D)
  A ball python zombie (D)
58 creatures vanquished.

Notes
Turn   | Place    | Note
-------+----------+-------------------------------------------
     0 | D        | mhtbhm the Minotaur Berserker began the quest for the Orb.
     0 | D        | Reached XP level 1. HP: 19/19 MP: 0/0
    16 | D        | Found a shimmering blue altar of Sif Muna.
    16 | D        | Found a bloodstained altar of Trog.
    16 | D        | Found a sacrificial altar of Ru.
    16 | D        | Found a stormy altar of Qazlal.
    16 | D        | Found an iron altar of Okawaru.
    21 | D        | Found a sparkling altar of Nemelex Xobeh.
    21 | D        | Found a blossoming altar of Fedhas.
    21 | D        | Found the +6 Majin-Bo {vamp, MP+6 Int+6}
    21 | D        | Found the +9 heavy crossbow "Sniper" {vorpal, Acc+∞ SInv}
    21 | D        | Found the +10 dark maul {vorpal}
    21 | D        | Found the +15 Maxwell's patent armour {-Cast -Tele rElec
                  | Will+ rCorr}
    21 | D        | Found the +18 shield of the Gong {rElec rN+ Will+ EV-5}
    21 | D        | Found the +14 obsidian axe {vorpal, Mesm Drain Fly SInv}
    21 | D        | Found the +7 great mace "Firestarter" {inner flame, rF++}
    21 | D        | Found the +6 shillelagh "Devastator" {shatter}
    21 | D        | Found the +11 plutonium sword {Contam Stlth-}
    21 | D        | Found the +8 lance "Wyrmbane" {slay drac, rPois rF+ rC+
                  | AC+3}
    21 | D        | Found the +9 sword of Zonguldrok {reap}
    21 | D        | Found the +13 scythe of Curses {drain, Drain}
    21 | D        | Found the +5 sword of Power {vorpal}
    21 | D        | Found the +7 mace of Variability {chain chaos}
    21 | D        | Found the +7 Singing Sword {vorpal, sonic wave}
    21 | D        | Found the +8 storm bow {elec, penet}
    29 | D        | Found a corrupted altar of Lugonu.
    29 | D        | Found an ancient bone altar of Kikubaaqudgha.
    29 | D        | Found a burning altar of Makhleb.
    29 | D        | Found a transporter.
    29 | D        | Found a viscous altar of Jiyva.
    29 | D        | Found a hazy altar of Hepliaklqana.
    68 | D        | Found an opulent altar of Gozag.
    81 | D        | Entered arena 2.
    81 | D        | Noticed a black bear
    81 | D        | Noticed a black bear
    81 | D        | Found a transporter.
    84 | D        | Killed a black bear
    85 | D        | Reached skill level 7 in Polearms
    85 | D        | Reached XP level 2. HP: 34/34 MP: 1/1
    85 | D        | Reached XP level 3. HP: 39/39 MP: 2/2
    85 | D        | Reached XP level 4. HP: 47/47 MP: 3/3
    87 | D        | Killed a black bear
    88 | D        | Reached skill level 8 in Polearms
    88 | D        | Reached skill level 5 in Armour
    88 | D        | Reached XP level 5. HP: 56/56 MP: 4/4
    92 | D        | Got the ring of Qiuvacugi {rCorr Str+6}
   121 | D        | Entered arena 3.
   121 | D        | Found a transporter.
   126 | D        | Reached ** piety under Trog
   127 | D        | Reached skill level 9 in Polearms
   127 | D        | Reached skill level 1 in Shields
   185 | D        | Entered arena 4.
   185 | D        | Noticed a jumping spider
   185 | D        | Found a transporter.
   189 | D        | Reached skill level 10 in Fighting
   189 | D        | Reached skill level 10 in Polearms
   189 | D        | Reached XP level 6. HP: 67/67 MP: 5/5
   190 | D        | Killed a jumping spider
   190 | D        | Reached *** piety under Trog
   191 | D        | Reached skill level 11 in Polearms
   191 | D        | Reached skill level 5 in Dodging
   194 | D        | Reached XP level 7. HP: 74/74 MP: 6/6
   195 | D        | Reached skill level 12 in Polearms
   236 | D        | Entered arena 5.
   236 | D        | Found a transporter.
   245 | D        | Reached **** piety under Trog
   285 | D        | Entered arena 6.
   285 | D        | Noticed a yak
   285 | D        | Found a transporter.
   289 | D        | Reached skill level 13 in Polearms
   289 | D        | Reached ***** piety under Trog
   293 | D        | Killed a yak
   293 | D        | Received a gift from Trog
   294 | D        | Reached skill level 5 in Shields
   299 | D        | Reached XP level 8. HP: 81/85 MP: 7/7
   314 | D        | Entered arena 7.
   314 | D        | Noticed a merfolk
   314 | D        | Noticed a merfolk
   314 | D        | Noticed a merfolk
   314 | D        | Noticed a cyclops
   314 | D        | Noticed a merfolk
   316 | D        | Found a transporter.
   318 | D        | Killed a merfolk
   321 | D        | Killed a cyclops
   322 | D        | Reached skill level 14 in Polearms
   323 | D        | Killed a merfolk
   328 | D        | Killed a merfolk
   328 | D        | Received a gift from Trog
   329 | D        | Reached XP level 9. HP: 96/96 MP: 8/8
   332 | D        | Killed a merfolk
   333 | D        | Reached skill level 15 in Polearms
   425 | D        | Entered arena 8.
   425 | D        | Noticed a wolf spider
   431 | D        | Reached skill level 10 in Shields
   437 | D        | Killed a wolf spider
   438 | D        | Reached skill level 15 in Fighting
   440 | D        | Found a transporter.
   492 | D        | Entered arena 9.
   492 | D        | Noticed a rime drake
   492 | D        | Noticed a rime drake
   494 | D        | Found a transporter.
   501 | D        | Reached skill level 16 in Polearms
   502 | D        | Received a gift from Trog
   506 | D        | Killed a rime drake
   507 | D        | Reached skill level 10 in Armour
   511 | D        | Killed a rime drake
   512 | D        | Reached XP level 10. HP: 106/106 MP: 9/9
   555 | D        | Entered arena 10.
   556 | D        | Found a transporter.
   561 | D        | Reached ****** piety under Trog
   566 | D        | Received a gift from Trog
   624 | D        | Entered arena 11.
   625 | D        | Found a transporter.
   627 | D        | Reached skill level 1 in Evocations
   627 | D        | Received a gift from Trog
   672 | D        | Got the amulet of Lies {RegenMP Contam Int+5}
   699 | D        | Entered arena 12.
   699 | D        | Noticed a hell hog
   699 | D        | Noticed a balrug
   699 | D        | Noticed a fire giant
   699 | D        | Noticed a salamander tyrant
   699 | D        | Noticed a hell hog
   699 | D        | Noticed a fire giant
   700 | D        | Noticed a fire giant
   700 | D        | Noticed a hell hog
   701 | D        | Noticed a balrug
   709 | D        | Killed a balrug
   709 | D        | Received a gift from Trog
   709 | D        | Found the +7 lajatang of Order {silver, rMut}
   710 | D        | Reached skill level 17 in Polearms
   710 | D        | Found a transporter.
   718 | D        | Killed a balrug
   719 | D        | Reached skill level 15 in Shields
   726 | D        | Killed a salamander tyrant
   727 | D        | Reached skill level 1 in Stealth
   730 | D        | HP: 5/108 [fire giant/fireball (6)]
   732 | D        | Killed from afar by a fire giant

Illustrated notes

Levels and vault maps discovered:
D:        sprint_v [room_start, room_1, room_2, room_3, room_4, room_5, room_6,
          room_7, room_8, room_9, room_10, room_11, room_12, room_13, room_14,
          room_15, room_16, room_17, room_18, room_19, room_20, room_21,
          room_22, room_23, room_24, room_25, room_26, room_27]

Skill      XL: |  1  2  3  4  5  6  7  8  9 10 |
---------------+-------------------------------+-----
Fighting       | 7 8 10 11 12 14 15 16 | 16.4
Polearms       | 7 8 10 11 13 14 16 17 | 17.4
Armour         | 4 5 6 7 8 10 11 | 11.5
Dodging        | 3 4 5 |  5.8
Shields        | 2 3 5 9 12 15 | 15.9
Evocations     | 2 |  2.5
Stealth        | 1 |  1.0

Action                   |  1- 3 |  4- 6 |  7- 9 | 10-12 || total
-------------------------+-------+-------+-------+-------++-------
Melee: Lance             |     2 |    19 |    75 |    39 ||   135
       Headbutt          |       |     4 |     9 |     4 ||    17
Invok: Berserk           |     1 |     1 |     3 |     2 ||     7
Evoke: Condenser vane    |       |       |     2 |     2 ||     4
       Tin of tremorston |       |       |       |     2 ||     2
  Use: Scroll            |       |       |       |     2 ||     2
       Potion            |       |       |       |     1 ||     1
Armor: Gold dragon scale |     2 |     3 |    15 |     6 ||    26
Block: Kite shield       |     6 |    13 |    65 |    23 ||   107

Table legend: (Time is in decaauts)
 A = Elapsed time spent in this place.
 B = Non-inter-level travel time spent in this place.
 C = Inter-level travel time spent in this place.
 D = Time resting spent in this place.
 E = Time spent auto-exploring this place.
 F = Levels seen in this place.
 G = Mean time per level.
                   A        B        C        D        E       F      G
               +--------+--------+--------+--------+--------+-----+--------+
         Total |    722 |    722 |      0 |    379 |      0 |   1 |  722.0 |
       Dungeon |    722 |    722 |      0 |    379 |      0 |   1 |  722.0 |
               +--------+--------+--------+--------+--------+-----+--------+

Top non-repeatable levels by time:
       D: 722 daAuts
